 Dungeon Crawl Stone Soup version 0.30-a0-297-g0ec75d9ef4 (webtiles) character file.

Game seed: 1974770731310543229

114 themarg the Trooper (level 4, 0/42 HPs)
             Began as a Hill Orc Monk on Oct 19, 2022.
             Was a Believer of Nemelex Xobeh.
             Slain by a jelly (3 damage)
             ... on level 4 of the Dungeon.
             The game lasted 00:08:45 (2707 turns).

themarg the Trooper (Hill Orc Monk)                 Turns: 2707, Time: 00:08:46

Health: 0/42       AC: -2    Str: 15    XL:     4   Next: 98%
Magic:  4/4        EV: 11    Int: 10    God:    Nemelex Xobeh [**....]
Gold:   74         SH:  0    Dex: 13    Spells: 3/3 levels left

rFire   . . .      SeeInvis .    p - +2 rapier (venom)
rCold   . . .      Faith    .    (no shield)
rNeg    . . .      Spirit   .    r - +0 ring mail
rPois   .          Reflect  .    (no helmet)
rElec   .          Harm     .    (no cloak)
rCorr   .          Rampage  .    (no gloves)
Will    .....                    k - +0 pair of boots
Stlth   ++........               (no amulet)
HPRegen 0.27/turn                (no ring)
MPRegen 0.09/turn                (no ring)

@: corroded
A: no striking features
a: Renounce Religion, Draw Escape, Draw Destruction, Draw Summoning


You were on level 4 of the Dungeon.
You worshipped Nemelex Xobeh.
Nemelex Xobeh was pleased with you.
You visited 1 branch of the dungeon, and saw 4 of its levels.

You collected 139 gold pieces.
You spent 65 gold pieces at shops.

Inventory:

Hand Weapons
 a - a +0 hand axe
 p - a +2 rapier of venom (weapon)
Missiles
 f - 3 boomerangs
 g - 40 stones (quivered)
 o - 6 poisoned darts
Armour
 k - a +0 pair of boots (worn)
 r - a +0 ring mail (worn)
Scrolls
 h - a scroll of blinking
 i - a scroll of vulnerability
 l - 3 scrolls of fear
 m - a scroll of teleportation
 n - a scroll of enchant weapon {unknown}
 s - a scroll of silence {unknown}
Potions
 b - a potion of berserk rage
 c - 3 potions of ambrosia
 d - 2 potions of flight
 e - a potion of curing
 j - a potion of lignification {unknown}
 q - a potion of attraction {unknown}


   Skills:
 * Level 5.4 Fighting
 - Level 4.0 Axes
 - Level 2.4 Dodging
 - Level 3.0 Stealth
 + Level 1.2 Invocations


You had 3 spell levels left.
You didn't know any spells.
Your spell library contained the following spells:

 Spells                   Type           Power      Damage    Failure   Level
 Ensorcelled Hibernation  Hex/Ice        0%         N/A       75%         2
 Passwall                 Tmut/Erth      0%         N/A       75%         2
 Swiftness                Air            0%         N/A       92%         3


Dungeon Overview and Level Annotations

Branches:
Dungeon (4/15)             Temple (0/1) D:4

Altars:
Nemelex Xobeh

Shops:
D:2 ?   D:3 (   D:4 *


Message History

The adder closely misses you.
You closely miss the adder.
The adder is moderately wounded.
You feel sick. The adder bites you but does no damage.
You hit the adder.
The adder is poisoned.
The adder is heavily wounded.
You feel sick. The adder bites you but does no damage. The adder misses you.
The kobold barely misses you.
You closely miss the adder.
The adder is severely wounded.
You feel sick. The adder bites you but does no damage.
The kobold hits you but does no damage.
You miss the adder.
The adder is severely wounded.
You feel sick. The adder barely misses you.
The kobold hits you but does no damage. The adder completely misses you.
You feel sick. The jelly hits you. The acid corrodes you!
You are splashed with acid!
* * * LOW HITPOINT WARNING * * *
A giant cockroach comes into view.
Okay, then.
You draw a card...
You have drawn Vitriol.
Press: ? - help, Shift-Dir - straight line, f - jelly
Aim: a jelly The glob of acid hits the jelly.
The jelly completely resists.
You feel sick.
You are no longer poisoned.
The adder closely misses you. The jelly barely misses you.
The adder barely misses you.
You draw a card...
You have drawn the Dance.
The jelly barely misses you. The adder bites you.
* * * LOW HITPOINT WARNING * * *
You are poisoned.
The adder poisons you!
You feel better. The adder completely misses you. The jelly hits you.
The acid corrodes you!
You are splashed with acid!
* * * LOW HITPOINT WARNING * * *
The jelly attacks as you move away! The jelly hits you.
You die...
Your body glows slightly and disappears.

.. #. . . .. .#. .#
... # .# #.#.# ####.#
##.#.# ###....#
##....###......#
#..)##B[.##....######
#..#S@###..#.........
#..#KJ#...#..#.######
#K.#(#.###.#.#.####
...#.#.#...#.#.#...#
#####.#.#.>.#.#.###.#
#.# #...#.#.## .# .
#.###.#.#.# .#
.#..#...#..#.##.#
.#..###..#..)#.#


You could see a jelly, an adder (poisoned), a giant cockroach, a kobold (ally
target) and a friendly -1 trident "Datomog" {antimagic, *Rage rElec Int-5 Dex+8}
(summoned).

Vanquished Creatures
  An orc wizard (D:4)
  2 adders (D:2)
  A worm (D:2)
  2 dart slugs
  3 orcs
  5 ball pythons
  7 endoplasms
  2 giant cockroaches
  4 goblins
  7 hobgoblins
  3 kobolds
  9 bats
  3 frilled lizards
  9 rats
58 creatures vanquished.

Notes
Turn   | Place    | Note
-------+----------+-------------------------------------------
     0 | D:1      | themarg the Hill Orc Monk began the quest for the Orb.
     0 | D:1      | Reached XP level 1. HP: 19/19 MP: 1/1
   157 | D:1      | Reached skill level 4 in Fighting
   157 | D:1      | Reached XP level 2. HP: 27/27 MP: 2/2
   559 | D:1      | Reached XP level 3. HP: 26/34 MP: 3/3
   701 | D:1      | Found a faded altar of an unknown god.
   701 | D:1      | Noticed a blizzard demon
  1420 | D:2      | Reached XP level 4. HP: 41/41 MP: 4/4
  1446 | D:2      | Found Xohet's Magic Scroll Boutique.
  1452 | D:2      | Bought a scroll of identify for 26 gold pieces
  1858 | D:2      | Bought a scroll of teleportation for 39 gold pieces
  1950 | D:3      | Found a sparkling altar of Nemelex Xobeh.
  1961 | D:3      | Became a worshipper of Nemelex Xobeh the Trickster
  1961 | D:3      | Reached * piety under Nemelex Xobeh
  1961 | D:3      | Received a gift from Nemelex Xobeh
  1961 | D:3      | Reached ** piety under Nemelex Xobeh
  2159 | D:3      | Found Eceo's Antique Weapon Shoppe.
  2253 | D:3      | Reached skill level 5 in Fighting
  2549 | D:4      | Reached skill level 1 in Invocations
  2652 | D:4      | Found Tyetat's Assorted Antiques.
  2667 | D:4      | Found a staircase to the Ecumenical Temple.
  2705 | D:4      | Identified the -1 trident "Datomog" {antimagic, *Rage rElec
                  | Int-5 Dex+8}
  2707 | D:4      | Slain by a jelly

Illustrated notes

Levels and vault maps discovered:
D:1:      dpeg_arrival_round_c, layout_loops_ring,
          dreamdust_ecumenical_altar_sealed_demon, st_stairs_11
D:2:      layout_basic, serial_shops, shop_statue
D:3:      layout_loops_ring, mainiacjoe_overflow_surrounded_room, serial_shops,
          shop
D:4:      layout_loops_ring, minmay_temple_entry_steel_oval, serial_shops,
          nicolae_shop_trees, nicolae_shop_crystal, st_stairs_2

Skill      XL: |  1  2  3  4 |
---------------+-------------+-----
Fighting       | 4 5 |  5.4
Stealth        | 2 3 |  3.0
Invocations    | 1 |  1.2
Axes           | |  4.0
Dodging        | |  2.4

Action                   |  1- 3 |  4- 6 || total
-------------------------+-------+-------++-------
Melee: Hand axe          |   112 |    14 ||   126
       Punch             |     1 |       ||     1
       Rapier            |       |    45 ||    45
Invok: Draw Destruction  |       |     1 ||     1
       Draw Summoning    |       |     1 ||     1
  Use: Scroll            |       |     6 ||     6
       Potion            |       |     1 ||     1
 Stab: Sleeping          |     8 |     3 ||    11
Armor: Robe              |    20 |       ||    20
       Leather armour    |    13 |     2 ||    15
       Ring mail         |       |    13 ||    13
Dodge: Dodged            |    72 |    48 ||   120

Table legend: (Time is in decaauts)
 A = Elapsed time spent in this place.
 B = Non-inter-level travel time spent in this place.
 C = Inter-level travel time spent in this place.
 D = Time resting spent in this place.
 E = Time spent auto-exploring this place.
 F = Levels seen in this place.
 G = Mean time per level.
                   A        B        C        D        E       F      G
               +--------+--------+--------+--------+--------+-----+--------+
         Total |   2727 |   2513 |    214 |    199 |   1802 |   4 |  681.8 |
       Dungeon |   2727 |   2513 |    214 |    199 |   1802 |   4 |  681.8 |
               +--------+--------+--------+--------+--------+-----+--------+

Top non-repeatable levels by time:
     D:1: 1013 daAuts
     D:2: 863 daAuts
     D:3: 671 daAuts
     D:4: 179 daAuts
